 Dungeon Crawl Stone Soup version 0.20.1-1-g8b1a95d (webtiles) character file.

940 vatarom the Martial Artist (level 7, -3/76 HPs)
             Began as a Red Draconian Transmuter on Sept 20, 2017.
             Was a Believer of Ru.
             Slain by a killer bee (5 damage)
             ... on level 8 of the Dungeon.
             The game lasted 00:17:39 (8244 turns).

vatarom the Martial Artist (DrTm)                   Turns: 8244, Time: 00:17:40

Health: -3/76      AC:  5    Str: 12    XL:     7   Next: 88%
Magic:  5/10       EV: 12    Int: 15    God:    Ru [**....]
Gold:   387        SH:  0    Dex: 14    Spells: 0/10 levels left

rFire    x . .     SeeInvis +     - Unarmed
rCold    + + +     Gourm    .   (shield currently unavailable)
rNeg     . . .     Faith    .   (armour unavailable)
rPois    +         Spirit   .   (helmet currently unavailable)
rElec    .         Reflect  .   (cloak currently unavailable)
rCorr    .         Harm     .   (gloves currently unavailable)
MR       .....     Clarity  +   (boots currently unavailable)
Stlth    +.........             (no amulet)
Regen    0.3/turn               o - ring of see invisible
MPRegen  0.2/turn               d - +4 ring of slaying

@: lethally poisoned (-3 -> -11), ice-form, hasted, very quick
A: (breathe fire), unfitting armour, clarity, inexperienced 1, AC +6
a: End Transformation, Renounce Religion


You were on level 8 of the Dungeon.
You worshipped Ru.
Ru was pleased with you.
You were not hungry.
You were a creature of crystalline ice.
You visited 2 branches of the dungeon, and saw 9 of its levels.

You collected 387 gold pieces.

Inventory:

Missiles
 a - 111 arrows
Jewellery
 d - a +4 ring of slaying (right front paw)
 o - a ring of see invisible (left front paw)
Wands
 i - a wand of polymorph (5/24)
 k - a wand of random effects (0/48)
Scrolls
 e - 3 scrolls of recharging
 g - 4 scrolls of remove curse
 j - 5 scrolls of identify
 m - a scroll of teleportation
Potions
 h - a potion of agility
 l - 2 potions of brilliance
 p - 3 potions of flight
Books
 b - a book of Changes

   Spells                             Type                      Level
   a - Beastly Appendage              Transmutation                1
   b - Sticks to Snakes               Transmutation                2
   c - Spider Form                    Transmutation/Poison         3
   d - Ice Form                       Ice/Transmutation            4
   e - Blade Hands                    Transmutation                5
Comestibles
 c - 5 bread rations


   Skills:
 * Level 6.6 Fighting
 * Level 5.2 Dodging
 + Level 8.4 Unarmed Combat
 - Level 2.0 Spellcasting
 - Level 7.1 Transmutations


You couldn't memorise any spells.
You knew the following spells:

 Your Spells              Type           Power        Failure   Level  Hunger
a - Beastly Appendage     Tmut           ###...       1%          1    #......
b - Sticks to Snakes      Tmut           ###.....     1%          2    ###....
c - Spider Form           Tmut/Pois      ##........   16%         3    ###....
d - Ice Form              Ice/Tmut       ##......     45%         4    #####..


Dungeon Overview and Level Annotations

Branches:
Dungeon (8/15)             Temple (1/1) D:6
   Lair: D:8-11

Altars:
Ashenzari
Cheibriados
Dithmenos
Elyvilon
Fedhas
Gozag
Hepliaklqana
Kikubaaqudgha
Makhleb
Nemelex Xobeh
Okawaru
Qazlal
Ru
Sif Muna
Trog
Uskayaw
Vehumet
Xom
Yredelemnul
Zin
The Shining One

Annotations:
D:7 vatarom's ghost, novice DrTm


Innate Abilities, Weirdness & Mutations

((You can breathe blasts of fire.))
((Your fiery red scales are hard. (AC +6)))
You cannot fit into any form of body armour.
((Your flesh is heat resistant. (rF+)))
((You are cold-blooded and may be slowed by cold attacks.))
You are somewhat inexperienced. (-2 XL)
((Your tail ends in a poisonous barb.))
You possess an exceptional clarity of mind.
((Your flesh is cold resistant. (rC+)))


Message History

Things that are here:
a killer bee corpse x3
Okay, then.
You barely miss the killer bee.
* * * LOW HITPOINT WARNING * * *
You feel sick. The killer bee barely misses you.
You punch the killer bee! You freeze the killer bee.
You kill the killer bee!
* * * LOW HITPOINT WARNING * * *
You feel sick.
You see here a killer bee corpse.
A killer bee comes into view.
* * * LOW HITPOINT WARNING * * *
You feel sick.
A leopard gecko comes into view.
* * * LOW HITPOINT WARNING * * *
You feel sick.
A queen bee comes into view.
The killer bee stings you.
You die...

#.# #.# #.# #<#
#†# #†## >.###
##..##
#.?...##....###
......lY.......#
......y#.##....#
.....####y###..#
.... #.# ..# ...
#.# .# #. ## # #


You could see a queen bee, a killer bee and a leopard gecko.

Vanquished Creatures
  Grinder (D:6)
  A hippogriff (D:7)
  Menkaure (D:6)
  An orc warrior (D:6)
  2 ice beasts
  A sky beast (D:7)
  The ghost of vatarom the Ruffian, an amateur DrTm (D:3)
  2 ogres
  2 centaurs
  A big kobold (D:7)
  A bullfrog (D:6)
  2 scorpions (D:4)
  6 killer bees (D:8)
  An electric eel (D:6)
  3 crimson imps
  3 hounds
  5 orc priests
  An iguana (D:5)
  Natasha (thrice) (D:4)
  A centaur skeleton (D:4)
  7 orc wizards
  4 worker ants
  Robin (D:3)
  12 adders
  A shadow imp (D:7)
  An ooze (D:2)
  2 adder skeletons (D:7)
  An adder zombie (D:5)
  2 worms
  15 dart slugs
  4 leopard geckos
  17 orcs
  5 giant cockroaches
  17 goblins
  8 hobgoblins
  13 jackals
  7 quokkas
  10 bats
  A frilled lizard (D:3)
  14 kobolds
  A leopard gecko skeleton (D:7)
  A leopard gecko zombie (D:6)
  A quokka zombie (D:7)
  9 rats
193 creatures vanquished.

Notes
Turn   | Place    | Note
-------+----------+-------------------------------------------
     0 | D:1      | vatarom the Draconian Transmuter began the quest for the Orb.
     0 | D:1      | Reached XP level 1. HP: 16/16 MP: 3/3
   248 | D:1      | Reached XP level 2. HP: 21/24 MP: 3/5
   650 | D:1      | Reached XP level 3. HP: 26/29 MP: 6/6
  1074 | D:2      | Learned a level 2 spell: Sticks to Snakes
  1082 | D:2      | Learned a level 3 spell: Spider Form
  1215 | D:2      | Reached XP level 4. HP: 24/37 MP: 7/7
  1234 | D:2      | Reached skill level 4 in Unarmed Combat
  1763 | D:2      | Reached XP level 5. HP: 26/44 MP: 8/8
  2378 | D:3      | Noticed vatarom's ghost (amateur DrTm)
  2406 | D:3      | Killed vatarom's ghost
  2406 | D:3      | Reached skill level 5 in Unarmed Combat
  2605 | D:3      | Noticed Robin
  2627 | D:3      | Reached XP level 6. HP: 35/51 MP: 3/9
  2635 | D:3      | Killed Robin
  3644 | D:4      | Your scales start taking on a fiery red colour.
  3644 | D:4      | Reached XP level 7. HP: 20/58 MP: 7/10
  3644 | D:4      | Gained mutation: Your flesh is heat resistant. (rF+) [Red Draconian growth]
  3858 | D:4      | Noticed Natasha
  3859 | D:4      | Killed Natasha
  3877 | D:4      | Reached skill level 6 in Unarmed Combat
  3977 | D:4      | Noticed Natasha
  3995 | D:4      | Killed Natasha
  4014 | D:4      | Noticed Natasha
  4016 | D:4      | Killed Natasha
  4532 | D:4      | Learned a level 4 spell: Ice Form
  4540 | D:5      | Entered Level 5 of the Dungeon
  4770 | D:5      | Found a shimmering altar of Xom.
  5345 | D:5      | Reached skill level 5 in Transmutations
  5345 | D:5      | Reached XP level 8. HP: 67/67 MP: 7/11
  5594 | D:6      | Reached skill level 7 in Unarmed Combat
  5650 | D:6      | Noticed Grinder
  5671 | D:6      | Paralysed by Grinder for 6 turns
  5682 | D:6      | Killed Grinder
  6239 | D:6      | Found a sacrificial altar of Ru.
  6376 | D:6      | Became a worshipper of Ru the Awakened
  6437 | D:6      | Gained mutation: You possess an exceptional clarity of mind. [potion of mutation]
  6437 | D:6      | Gained mutation: Your flesh is cold resistant. (rC+) [potion of mutation]
  6437 | D:6      | Gained mutation: Your tail ends in a poisonous barb. [potion of mutation]
  6463 | D:6      | Noticed Menkaure
  6482 | D:6      | Killed Menkaure
  6800 | D:6      | Found a staircase to the Ecumenical Temple.
  6943 | Temple   | Entered the Ecumenical Temple
  7140 | D:6      | Reached skill level 5 in Fighting
  7261 | D:7      | Reached skill level 8 in Unarmed Combat
  7261 | D:7      | Reached XP level 9. HP: 63/74 MP: 12/12
  7693 | D:7      | Noticed vatarom's ghost (novice DrTm)
  7917 | D:7      | Gained mutation: You are somewhat inexperienced. (-2 XL) [Ru sacrifice]
  7917 | D:7      | Reached XP level 8. HP: 70/70 MP: 11/11
  7917 | D:7      | Reached XP level 7. HP: 63/63 MP: 10/10
  7917 | D:7      | Reached * piety under Ru
  7917 | D:7      | Reached ** piety under Ru
  8226 | D:8      | Reached skill level 5 in Dodging
  8242 | D:8      | HP: 3/76 [poisoned by a killer bee]
  8244 | D:8      | Noticed a queen bee
  8244 | D:8      | Slain by a killer bee

Skill      XL: |  1  2  3  4  5  6  7  8  9 |
---------------+----------------------------+-----
Dodging        | 2 3 5 4 |  5.2
Fighting       | 2 3 4 5 6 |  6.6
Unarmed Combat | 4 5 6 8 |  8.4
Transmutations | 3 5 7 |  7.1
Spellcasting   | |  2.0

Action                   |  1- 3 |  4- 6 |  7- 9 || total
-------------------------+-------+-------+-------++-------
Melee: Unarmed           |    36 |   201 |   234 ||   471
       Kick              |     3 |     5 |       ||     8
       Tailslap          |    14 |    19 |    17 ||    50
       Dagger            |    61 |    80 |       ||   141
       Punch             |     1 |     2 |     1 ||     4
       Headbutt          |       |     1 |     1 ||     2
 Cast: Beastly Appendage |     3 |     7 |     1 ||    11
       Spider Form       |       |     8 |    11 ||    19
       Sticks to Snakes  |       |     2 |       ||     2
       Ice Form          |       |       |     2 ||     2
Invok: Sacrifice Experie |       |       |     1 ||     1
 Abil: Breathe Fire      |       |       |    12 ||    12
       End Transformatio |       |       |     5 ||     5
Evoke: Wand              |       |       |     5 ||     5
  Use: Scroll            |     5 |     3 |     2 ||    10
       Potion            |     2 |     3 |     6 ||    11
 Stab: Sleeping          |     2 |       |     2 ||     4
  Eat: Chunk             |     1 |     8 |     8 ||    17
       Royal jelly       |       |     1 |     2 ||     3
       Bread ration      |       |       |     2 ||     2
Armor: Skin              |    35 |    60 |    44 ||   139
Dodge: Dodged            |    57 |   215 |   140 ||   412
